Predators vs Nordiques (R1)

Created - February 28, 2019 at 07:23

Goals
1 2 3 T
Predators 0 3 0 3
Nordiques 1 1 2 4
Shots
1 2 3 T
Predators 7 14 4 25
Nordiques 16 8 13 37

1st period

1. Nordiques , R.J. Umberger 19 (Trevor Daley 11, Fedor Tyutin 21) at 11:48

Penalties :
Niclas Bergfors (Nas) for Cross-checking (Minor) at 4:48, Kyle Calder (Que) for Hooking (Minor) at 6:51

2nd period

2. Nordiques , David Legwand 15 (Jay Bouwmeester 22, R.J. Umberger 21) at 1:30 (PP)
3. Predators , Alexander Ovechkin 15 (Michal Rozsival 7) at 5:41
4. Predators , James Van Riemsdyk 10 (Alexander Edler 32, Viktor Fasth) at 10:41 (PP)
5. Predators , Niclas Bergfors 24 (Mikael Granlund 33) at 13:43

Penalties :
Ryan Kesler (Nas) for Roughing (Minor) at 1:09, Marc Savard (Que) for Holding (Minor) at 10:05, Alexander Ovechkin (Nas) for Goalie Interference (Minor) at 17:19

3rd period

6. Nordiques , David Legwand 16 (Ryan Ellis 42, Jean-Pierre Dumont 24) at 5:03
7. Nordiques , Vladimir Tarasenko 43 (Chris Drury 20, George Parros 7) at 19:38

Penalties :
Jay Bouwmeester (Que) for Holding (Minor) at 0:13, Alexander Ovechkin (Nas) for Holding (Minor) at 12:44, Ryan Murray (Nas) for Hooking (Minor) at 14:58, Mikael Granlund (Nas) for Tripping (Minor) at 17:13

Goalie Stats

Viktor Fasth (Nas), 33 saves from 37 shots - (0.892), L, 26-18-4, 59:51 minutes
Jonathan Quick (Que), 22 saves from 25 shots - (0.880), W, 29-18-3, 60:00 minutes

Players Stats for Predators

Player Name              G  A  P  +/- PIM S  H  SB GA TA FO     MP     PP MP  PK MP  
------------------------------------------------------------------------------------
Adam Burish              0  0  0   0  0   2  1  0  0  1  0/0    11:16   0:00   3:17 
Alexander Edler          0  1  1  -1  0   1  0  1  0  0  0/0    26:57   2:33   5:30 
Alexander Ovechkin       1  0  1   1  4   4  0  0  0  0  1/1    19:15   2:33   1:22 
Alexander Steen          0  0  0  -2  0   1  2  1  0  1  0/0    12:26   0:00   0:14 
Andy Miele               0  0  0   0  0   1  1  0  1  0  6/12   15:06   0:00   5:35 
Brendan Gallagher        0  0  0  -1  0   1  2  0  0  0  0/1    11:45   2:01   0:00 
Byron Bitz               0  0  0  -2  0   0  0  0  0  0  0/0    18:12   0:00   6:00 
Dmitri Kalinin           0  0  0   0  0   2  0  0  0  0  0/0    12:04   0:00   0:00 
James Van Riemsdyk       1  0  1   0  0   3  0  2  0  0  1/1    11:39   2:01   0:00 
John Moore               0  0  0   0  0   0  1  5  0  1  0/0    20:59   2:01   4:46 
Justin Abdelkader        0  0  0   0  0   0  0  0  0  0  0/0     7:29   0:00   0:00 
Markus Granlund          0  0  0   0  0   0  0  0  0  0  1/2     7:29   0:00   0:00 
Michal Rozsival          0  1  1   0  0   0  5  2  1  0  0/0    17:11   0:00   4:46 
Mikael Granlund          0  1  1   1  2   0  3  0  0  1  8/25   19:12   2:33   0:47 
Niclas Bergfors          1  0  1   1  2   4  1  0  0  0  1/1    17:53   2:33   0:00 
Ryan Kesler              0  0  0  -1  2   4  0  1  1  1  4/14   17:48   2:01   3:17 
Ryan Mcdonagh            0  0  0  -1  0   1  2  1  1  2  0/0    26:57   2:33   5:30 
Ryan Murray              0  0  0   0  2   1  0  1  0  0  0/0    16:00   2:01   0:00 

Players Stats for Nordiques

Player Name              G  A  P  +/- PIM S  H  SB GA TA FO     MP     PP MP  PK MP  
------------------------------------------------------------------------------------
Chris Drury              0  1  1   2  0   4  1  0  0  1  6/9    13:15   0:32   0:27 
David Legwand            2  0  2   1  0   6  0  0  0  0  6/9    15:38   5:02   1:11 
Dustin Byfuglien         0  0  0  -1  0   0  1  0  0  0  0/0    10:31   0:08   0:00 
Fedor Tyutin             0  1  1   1  0   1  1  0  0  1  0/0    22:59   4:29   2:37 
George Parros            0  1  1   0  0   2  3  0  0  0  1/2     8:16   0:30   0:00 
Jay Bouwmeester          0  1  1   1  2   1  0  3  0  1  0/0    24:58   5:47   0:00 
Jean-Pierre Dumont       0  1  1   1  0   0  1  1  0  0  0/0     8:27   0:00   0:00 
Kyle Calder              0  0  0  -1  2   1  0  0  1  0  0/0     8:36   0:32   0:15 
Marc Savard              0  0  0  -1  2   5  0  0  0  0  17/29  22:25   4:42   1:51 
Mark Eaton               0  0  0  -1  0   1  1  3  0  0  0/0    12:29   0:00   1:57 
Matt Moulson             0  0  0   1  0   1  0  0  0  0  0/0     8:50   0:00   0:23 
Mike Fisher              0  0  0  -1  0   0  4  0  0  0  2/3    20:14   4:42   0:00 
Paul Gaustad             0  0  0  -1  0   2  0  0  1  0  1/1     9:45   0:00   1:11 
R.J. Umberger            1  1  2   1  0   5  2  0  0  0  1/1    18:40   5:02   1:11 
Ryan Callahan            0  0  0   1  0   1  1  0  3  0  1/1    17:29   5:02   0:00 
Ryan Ellis               0  1  1   1  0   1  1  2  0  1  0/0    27:09   5:39   2:37 
Trevor Daley             0  1  1   1  0   2  2  4  0  0  0/0    22:20   4:29   1:57 
Vladimir Tarasenko       1  0  1   0  0   4  2  0  2  0  0/2    23:22   4:44   2:39 

3 Stars

1 - David Legwand (Que)
2 - R.J. Umberger (Que)
3 - Vladimir Tarasenko (Que)

Power Play

Predators - 1 on 3 Attempt(s) - 33.33%
Nordiques - 1 on 6 Attempt(s) - 16.67%

Penalty Kill

Predators - 5 on 6 Attempt(s) - 83.33% - Score 0 goal in Penalty Kill
Nordiques - 2 on 3 Attempt(s) - 66.67% - Score 0 goal in Penalty Kill

Team Stat

Predators - Hits : 18 - Faceoff Wins : 22 - Blocked Shots : 14 - Penalty Minutes : 12
Nordiques - Hits : 20 - Faceoff Wins : 35 - Blocked Shots : 13 - Penalty Minutes : 6

Official

Referees : Unknown
Linesman : Unknown

Game Notes

No Game Note

Finance

Level 1 -- Attendance: 4747 (79.12%) -- Ticket Income $498,435
Level 2 -- Attendance: 3782 (75.64%) -- Ticket Income $245,830
Level 3 -- Attendance: 1408 (70.40%) -- Ticket Income $64,768
Level 4 -- Attendance: 2739 (68.48%) -- Ticket Income $95,865
Luxury Box -- Attendance: 966 (96.60%) -- Ticket Income $159,390
Game was played at the Centre Videotron.
Total Attendance: 13642 (75.79%)
Total Ticket Income: $1,064,288
Other Income: $159,643
Total Income: $1,223,931

Predators

5 vs 5 Forward 
   Center                   Left Wing                Right Wing               Time % Phy DF OF 
 1 Mikael Granlund          Alexander Ovechkin       Niclas Bergfors          40     1   2  2  
 2 Ryan Kesler              Alexander Steen          Byron Bitz               30     1   2  2  
 3 Andy Miele               James Van Riemsdyk       Brendan Gallagher        20     1   2  2  
 4 Markus Granlund          Justin Abdelkader        Adam Burish              10     1   2  2  

5 vs 5 Defense 
   Defense                  Defense                                           Time % Phy DF OF 
 1 Ryan Mcdonagh            Alexander Edler                                   40     1   2  2  
 2 John Moore               Ryan Murray                                       30     1   2  2  
 3 Michal Rozsival          Dmitri Kalinin                                    20     1   2  2  
 4 Ryan Mcdonagh            Alexander Edler                                   10     1   2  2  

PowerPlay Forward 
   Center                   Left Wing                Right Wing               Time % Phy DF OF 
 1 Mikael Granlund          Alexander Ovechkin       Niclas Bergfors          60     1   1  3  
 2 Ryan Kesler              James Van Riemsdyk       Brendan Gallagher        40     1   1  3  

PowerPlay Defense
   Defense                  Defense                                           Time % Phy DF OF 
 1 Ryan Mcdonagh            Alexander Edler                                   51     1   1  3  
 2 John Moore               Ryan Murray                                       49     1   1  3  

Penalty Kill 4 Players Forward 
   Center                   Wing                     Time % Phy DF OF 
 1 Andy Miele               Byron Bitz               60     1   2  2  
 2 Ryan Kesler              Adam Burish              40     1   2  2  

Penalty Kill 4 Players Defense
   Defense                  Defense                  Time % Phy DF OF 
 1 Ryan Mcdonagh            Alexander Edler          60     1   2  2  
 2 John Moore               Michal Rozsival          40     1   2  2  

Penalty Kill - 3 Players Forward 
   Forward                                           Time % Phy DF OF 
 1 Byron Bitz                                        60     1   2  2  
 2 Adam Burish                                       40     1   2  2  

Penalty Kill - 3 Players Defense
   Defense                  Defense                  Time % Phy DF OF 
 1 Ryan Mcdonagh            Alexander Edler          60     1   2  2  
 2 John Moore               Michal Rozsival          40     1   2  2  

4 vs 4 Forward 
   Center                   Wing                     Time % Phy DF OF 
 1 Andy Miele               Alexander Ovechkin       60     1   2  2  
 2 Ryan Kesler              Niclas Bergfors          40     1   2  2  

4 vs 4 Defense
   Defense                  Defense                  Time % Phy DF OF 
 1 Ryan Mcdonagh            Alexander Edler          60     1   2  2  
 2 John Moore               Michal Rozsival          40     1   2  2  

Last Minutes Offensive
   Center                   Left Wing                Right Wing               Defense                  Defense                  
   Mikael Granlund          Alexander Ovechkin       Niclas Bergfors          Ryan Mcdonagh            Alexander Edler          

Last Minutes Defensive
   Center                   Left Wing                Right Wing               Defense                  Defense                  
   Ryan Kesler              Alexander Ovechkin       Byron Bitz               Ryan Mcdonagh            Alexander Edler          

Goaltenders
Starting : Viktor Fasth             
Backup : Chad Johnson             

Extra Forwards
Normal : Brendan Gallagher, James Van Riemsdyk, Byron Bitz - PP : Brendan Gallagher, James Van Riemsdyk - PK : Alexander Ovechkin
Extra Defensemen
Normal : Michal Rozsival, Ryan Murray, John Moore - PP : Dmitri Kalinin - PK : John Moore, Dmitri Kalinin
Penalty Shots
Alexander Ovechkin, Niclas Bergfors, Ryan Kesler, Andy Miele, Justin Abdelkader

Scratches
Barret Jackman (Healthy)

Nordiques

5 vs 5 Forward 
   Center                   Left Wing                Right Wing               Time % Phy DF OF 
 1 Marc Savard              Mike Fisher              Vladimir Tarasenko       40     0   1  4  
 2 Chris Drury              R.J. Umberger            Ryan Callahan            30     1   1  3  
 3 David Legwand            Matt Moulson             Jean-Pierre Dumont       20     1   1  3  
 4 Paul Gaustad             Kyle Calder              George Parros            10     2   1  2  

5 vs 5 Defense 
   Defense                  Defense                                           Time % Phy DF OF 
 1 Jay Bouwmeester          Ryan Ellis                                        40     1   3  1  
 2 Fedor Tyutin             Trevor Daley                                      30     1   3  1  
 3 Dustin Byfuglien         Mark Eaton                                        20     1   3  1  
 4 Jay Bouwmeester          Ryan Ellis                                        10     1   3  1  

PowerPlay Forward 
   Center                   Left Wing                Right Wing               Time % Phy DF OF 
 1 Marc Savard              Mike Fisher              Vladimir Tarasenko       60     0   0  5  
 2 David Legwand            R.J. Umberger            Ryan Callahan            40     0   0  5  

PowerPlay Defense
   Defense                  Defense                                           Time % Phy DF OF 
 1 Jay Bouwmeester          Ryan Ellis                                        60     0   2  3  
 2 Trevor Daley             Fedor Tyutin                                      40     0   2  3  

Penalty Kill 4 Players Forward 
   Center                   Wing                     Time % Phy DF OF 
 1 Marc Savard              Vladimir Tarasenko       60     1   4  0  
 2 David Legwand            Paul Gaustad             40     1   4  0  

Penalty Kill 4 Players Defense
   Defense                  Defense                  Time % Phy DF OF 
 1 Fedor Tyutin             Ryan Ellis               60     1   4  0  
 2 Trevor Daley             Mark Eaton               40     1   4  0  

Penalty Kill - 3 Players Forward 
   Forward                                           Time % Phy DF OF 
 1 Marc Savard                                       60     0   5  0  
 2 Vladimir Tarasenko                                40     0   5  0  

Penalty Kill - 3 Players Defense
   Defense                  Defense                  Time % Phy DF OF 
 1 Fedor Tyutin             Ryan Ellis               60     1   4  0  
 2 Mark Eaton               Trevor Daley             40     1   4  0  

4 vs 4 Forward 
   Center                   Wing                     Time % Phy DF OF 
 1 Marc Savard              Vladimir Tarasenko       60     0   1  4  
 2 David Legwand            Chris Drury              40     0   1  4  

4 vs 4 Defense
   Defense                  Defense                  Time % Phy DF OF 
 1 Jay Bouwmeester          Ryan Ellis               60     1   4  0  
 2 Fedor Tyutin             Trevor Daley             40     1   4  0  

Last Minutes Offensive
   Center                   Left Wing                Right Wing               Defense                  Defense                  
   Marc Savard              Mike Fisher              Vladimir Tarasenko       Fedor Tyutin             Ryan Ellis               

Last Minutes Defensive
   Center                   Left Wing                Right Wing               Defense                  Defense                  
   Marc Savard              Paul Gaustad             Vladimir Tarasenko       Jay Bouwmeester          Ryan Ellis               

Goaltenders
Starting : Jonathan Quick           
Backup : Philipp Grubauer         

Extra Forwards
Normal : Vladimir Tarasenko, Ryan Callahan, David Legwand - PP : Vladimir Tarasenko, Ryan Callahan - PK : R.J. Umberger
Extra Defensemen
Normal : Ryan Ellis, Fedor Tyutin, Jay Bouwmeester - PP : Ryan Ellis - PK : Mark Eaton, Fedor Tyutin
Penalty Shots
Marc Savard, Vladimir Tarasenko, David Legwand, Chris Drury, Ryan Callahan

Scratches
Bruno Gervais (Healthy), Simon Gagné (Healthy), T.J. Fast (Healthy), Tim Crowder (Healthy), Julien Ellis (Healthy)

% Time on Ice - Predators

Lines # - Real PCT - Wanted PCT - Time Play
Normal Forward
1 - 34% - 40% - 15:01
2 - 29% - 30% - 12:48
3 - 21% - 20% - 9:31
4 - 17% - 10% - 7:29
Normal Defense
1 - 38% - 40% - 17:09
2 - 32% - 30% - 14:12
3 - 27% - 20% - 12:04
4 - 3% - 10% - 1:24
PP Forward
1 - 56% - 60% - 2:33
2 - 44% - 40% - 2:01
PP Defense
1 - 56% - 51% - 2:33
2 - 44% - 49% - 2:01
PK Forward
1 - 68% - 60% - 6:59
2 - 32% - 40% - 3:17
PK Defense
1 - 54% - 60% - 5:30
2 - 46% - 40% - 4:46
PK3 Forward
1 - 0% - 60%
2 - 0% - 40%
PK3 Defense
1 - 0% - 60%
2 - 0% - 40%
44 Forward
1 - 0% - 60%
2 - 0% - 40%
44 Defense
1 - 0% - 60%
2 - 0% - 40%
Last Minute Offensive  - 0:21
Last Minute Defensive  - 0:00
Total
Forward - 60:00
Defense - 60:00

% Time on Ice - Nordiques

Lines # - Real PCT - Wanted PCT - Time Play
Normal Forward
1 - 35% - 40% - 15:36
2 - 29% - 30% - 13:10
3 - 19% - 20% - 8:27
4 - 17% - 10% - 7:36
Normal Defense
1 - 38% - 40% - 17:10
2 - 35% - 30% - 15:54
3 - 23% - 20% - 10:22
4 - 3% - 10% - 1:23
PP Forward
1 - 51% - 60% - 5:14
2 - 49% - 40% - 5:02
PP Defense
1 - 56% - 60% - 5:47
2 - 44% - 40% - 4:29
PK Forward
1 - 74% - 60% - 3:23
2 - 26% - 40% - 1:11
PK Defense
1 - 57% - 60% - 2:37
2 - 43% - 40% - 1:57
PK3 Forward
1 - 0% - 60%
2 - 0% - 40%
PK3 Defense
1 - 0% - 60%
2 - 0% - 40%
44 Forward
1 - 0% - 60%
2 - 0% - 40%
44 Defense
1 - 0% - 60%
2 - 0% - 40%
Last Minute Offensive  - 0:00
Last Minute Defensive  - 0:21
Total
Forward - 60:00
Defense - 60:00

Play-by-Play

1st period


0:01 of 1st period - Mikael Granlund wins face-off versus Marc Savard in neutral zone.
0:16 of 1st period - Snap shot by Alexander Ovechkin.
0:16 of 1st period - Shot Blocked by Jay Bouwmeester.
0:32 of 1st period - Slapshot by Ryan Ellis.
0:32 of 1st period - Shot Blocked by John Moore.
0:34 of 1st period - Snap shot by Vladimir Tarasenko.
0:34 of 1st period - Shot Misses the Net.
0:42 of 1st period - Slapshot by Marc Savard.
0:42 of 1st period - Shot Blocked by Ryan Murray.
0:44 of 1st period - Snap shot by Ryan Ellis.
0:44 of 1st period - Shot Blocked by John Moore.
1:06 of 1st period - Wrist shot by Marc Savard.
1:06 of 1st period - Stopped by Viktor Fasth with a rebound.
1:08 of 1st period - Slapshot by Ryan Ellis.
1:08 of 1st period - Shot Blocked by John Moore.
1:30 of 1st period - Slapshot by Marc Savard.
1:30 of 1st period - Shot Misses the Net.
1:32 of 1st period - Wrist shot by Marc Savard.
1:32 of 1st period - Shot Blocked by John Moore.
1:34 of 1st period - Snap shot by Mike Fisher.
1:34 of 1st period - Shot Misses the Net.
1:38 of 1st period - Slapshot by Ryan Ellis.
1:38 of 1st period - Shot Blocked by James Van Riemsdyk.
2:02 of 1st period - Slapshot by Ryan Ellis.
2:02 of 1st period - Stopped by Viktor Fasth with a rebound.
2:04 of 1st period - Slapshot by Jay Bouwmeester.
2:04 of 1st period - Stopped by Viktor Fasth with a rebound.
2:44 of 1st period - Wrist shot by Marc Savard.
2:44 of 1st period - Shot Misses the Net.
2:46 of 1st period - Snap shot by Marc Savard.
2:46 of 1st period - Shot Misses the Net.
2:48 of 1st period - Wrist shot by Jay Bouwmeester.
2:48 of 1st period - Shot Blocked by James Van Riemsdyk.
2:58 of 1st period - Snap shot by Marc Savard.
2:58 of 1st period - Stopped by Viktor Fasth without a rebound.
2:59 of 1st period - Chris Drury wins face-off versus Mikael Granlund in Predators zone.
3:00 of 1st period - Slapshot by R.J. Umberger.
3:00 of 1st period - Stopped by Viktor Fasth without a rebound.
3:01 of 1st period - Chris Drury wins face-off versus Mikael Granlund in Predators zone.
3:28 of 1st period - Snap shot by David Legwand.
3:28 of 1st period - Stopped by Viktor Fasth without a rebound.
3:29 of 1st period - David Legwand wins face-off versus Ryan Kesler in Predators zone.
3:34 of 1st period - Wrist shot by Jean-Pierre Dumont.
3:34 of 1st period - Shot Misses the Net.
4:03 of 1st period - Snap shot by Ryan Callahan.
4:03 of 1st period - Shot Misses the Net.
4:45 of 1st period - Snap shot by David Legwand.
4:45 of 1st period - Deflect By Matt Moulson.
4:45 of 1st period - Shot Misses the Net.
4:45 of 1st period - Puck is out of play.
4:46 of 1st period - Niclas Bergfors wins face-off versus Chris Drury in Predators zone.
4:48 of 1st period - Minor Penalty to Niclas Bergfors for Cross-checking.
4:49 of 1st period - Andy Miele wins face-off versus David Legwand in Predators zone.
5:19 of 1st period - Alexander Edler is hit by R.J. Umberger and loses puck.
6:12 of 1st period - Michal Rozsival is hit by Trevor Daley and loses puck.
6:48 of 1st period - Penalty to Niclas Bergfors is over, Niclas Bergfors is back on ice.
6:51 of 1st period - Minor Penalty to Kyle Calder for Hooking.
6:52 of 1st period - Mikael Granlund wins face-off versus Vladimir Tarasenko in Nordiques zone.
6:53 of 1st period - Slapshot by Alexander Ovechkin.
6:53 of 1st period - Shot Blocked by Mark Eaton.
6:55 of 1st period - Slapshot by Alexander Ovechkin.
6:55 of 1st period - Stopped by Jonathan Quick with a rebound.
6:57 of 1st period - Slapshot by Ryan Murray.
6:57 of 1st period - Shot Blocked by Trevor Daley.
6:59 of 1st period - Snap shot by Alexander Ovechkin.
6:59 of 1st period - Deflect By Mikael Granlund.
6:59 of 1st period - Shot Misses the Net.
6:59 of 1st period - Puck is out of play.
7:00 of 1st period - Marc Savard wins face-off versus Mikael Granlund in Nordiques zone.
7:58 of 1st period - Ryan Mcdonagh is hit by Vladimir Tarasenko and loses puck.
8:51 of 1st period - Penalty to Kyle Calder is over, Kyle Calder is back on ice.
8:58 of 1st period - Snap shot by Adam Burish.
8:58 of 1st period - Stopped by Jonathan Quick with a rebound.
9:00 of 1st period - Slapshot by Dmitri Kalinin.
9:00 of 1st period - Stopped by Jonathan Quick without a rebound.
9:01 of 1st period - Markus Granlund wins face-off versus Chris Drury in Nordiques zone.
9:42 of 1st period - Wrist shot by Marc Savard.
9:42 of 1st period - Stopped by Viktor Fasth without a rebound.
9:43 of 1st period - Marc Savard wins face-off versus Mikael Granlund in Predators zone.
9:56 of 1st period - Snap shot by Marc Savard.
9:56 of 1st period - Stopped by Viktor Fasth without a rebound.
9:57 of 1st period - Chris Drury wins face-off versus Ryan Kesler in Predators zone.
10:02 of 1st period - Snap shot by Chris Drury.
10:02 of 1st period - Shot Blocked by Alexander Steen.
10:04 of 1st period - Snap shot by Chris Drury.
10:04 of 1st period - Stopped by Viktor Fasth without a rebound.
10:05 of 1st period - Chris Drury wins face-off versus Ryan Kesler in Predators zone.
10:23 of 1st period - Wrist shot by Ryan Callahan.
10:23 of 1st period - Stopped by Viktor Fasth with a rebound.
11:01 of 1st period - Wrist shot by R.J. Umberger.
11:01 of 1st period - Stopped by Viktor Fasth with a rebound.
11:03 of 1st period - Snap shot by R.J. Umberger.
11:03 of 1st period - Shot Misses the Net.
11:23 of 1st period - Byron Bitz is hit by Chris Drury.
11:36 of 1st period - Backhand shot by Ryan Kesler.
11:36 of 1st period - Stopped by Jonathan Quick with a rebound.
11:48 of 1st period - Wrist shot by R.J. Umberger.
11:48 of 1st period - Goal by R.J. Umberger - Predators : 0 - Nordiques : 1.
11:49 of 1st period - David Legwand wins face-off versus Mikael Granlund in neutral zone.
11:52 of 1st period - Wrist shot by Matt Moulson.
11:52 of 1st period - Shot Misses the Net.
12:16 of 1st period - Justin Abdelkader is hit by Ryan Ellis and loses puck.
12:35 of 1st period - Snap shot by Kyle Calder.
12:35 of 1st period - Stopped by Viktor Fasth with a rebound.
13:05 of 1st period - Snap shot by Mikael Granlund.
13:05 of 1st period - Shot Misses the Net.
13:07 of 1st period - Snap shot by Niclas Bergfors.
13:07 of 1st period - Shot Misses the Net.
13:23 of 1st period - Snap shot by Kyle Calder.
13:23 of 1st period - Shot Blocked by Ryan Mcdonagh.
14:02 of 1st period - Ryan Murray is hit by Jean-Pierre Dumont and loses puck.
14:56 of 1st period - Snap shot by George Parros.
14:56 of 1st period - Shot Hit the Post.
15:23 of 1st period - Jean-Pierre Dumont is hit by Brendan Gallagher and loses puck.
15:34 of 1st period - Wrist shot by Vladimir Tarasenko.
15:34 of 1st period - Stopped by Viktor Fasth with a rebound.
15:36 of 1st period - Wrist shot by Marc Savard.
15:36 of 1st period - Shot Misses the Net.
16:05 of 1st period - Snap shot by Ryan Kesler.
16:05 of 1st period - Stopped by Jonathan Quick with a rebound.
16:19 of 1st period - Slapshot by Ryan Mcdonagh.
16:19 of 1st period - Shot Blocked by Jay Bouwmeester.
17:05 of 1st period - Wrist shot by Ryan Kesler.
17:05 of 1st period - Shot Misses the Net.
17:07 of 1st period - Wrist shot by Ryan Mcdonagh.
17:07 of 1st period - Shot Misses the Net.
17:09 of 1st period - Slapshot by Ryan Mcdonagh.
17:09 of 1st period - Shot Misses the Net.
17:26 of 1st period - Snap shot by George Parros.
17:26 of 1st period - Deflect By Kyle Calder.
17:26 of 1st period - Shot Misses the Net.
17:26 of 1st period - Puck is out of play.
17:27 of 1st period - Marc Savard wins face-off versus Ryan Kesler in Predators zone.
17:52 of 1st period - Alexander Ovechkin is hit by R.J. Umberger and loses puck.
18:17 of 1st period - Wrist shot by Brendan Gallagher.
18:17 of 1st period - Stopped by Jonathan Quick with a rebound.
18:33 of 1st period - Michal Rozsival is hit by George Parros and loses puck.
18:46 of 1st period - Wrist shot by Paul Gaustad.
18:46 of 1st period - Stopped by Viktor Fasth with a rebound.
18:56 of 1st period - Wrist shot by Ryan Kesler.
18:56 of 1st period - Stopped by Jonathan Quick without a rebound.
18:57 of 1st period - Ryan Kesler wins face-off versus Marc Savard in Nordiques zone.
19:26 of 1st period - Ryan Mcdonagh is hit by Ryan Callahan and loses puck.
19:33 of 1st period - Chris Drury is hit by Ryan Mcdonagh and loses puck.
19:48 of 1st period - Snap shot by David Legwand.
19:48 of 1st period - Stopped by Viktor Fasth without a rebound.
19:49 of 1st period - Andy Miele wins face-off versus David Legwand in Predators zone.
Goals for this period are 0 for Predators vs 1 for Nordiques.
Shots for this period are 7 for Predators vs 16 for Nordiques.

2nd period


0:01 of 2nd period - Marc Savard wins face-off versus Mikael Granlund in neutral zone.
0:06 of 2nd period - Alexander Ovechkin is hit by Mike Fisher and loses puck.
0:55 of 2nd period - Snap shot by George Parros.
0:55 of 2nd period - Shot Misses the Net.
0:57 of 2nd period - Slapshot by Trevor Daley.
0:57 of 2nd period - Shot Blocked by Ryan Kesler.
0:59 of 2nd period - Snap shot by Fedor Tyutin.
0:59 of 2nd period - Shot Misses the Net.
1:01 of 2nd period - Slapshot by Trevor Daley.
1:01 of 2nd period - Shot Misses the Net.
1:03 of 2nd period - Wrist shot by Paul Gaustad.
1:03 of 2nd period - Stopped by Viktor Fasth with a rebound.
1:09 of 2nd period - Minor Penalty to Ryan Kesler for Roughing.
1:10 of 2nd period - Marc Savard wins face-off versus Andy Miele in Predators zone.
1:28 of 2nd period - Wrist shot by Jay Bouwmeester.
1:28 of 2nd period - Shot Blocked by Alexander Edler.
1:30 of 2nd period - Snap shot by David Legwand.
1:30 of 2nd period - Goal by David Legwand - Predators : 0 - Nordiques : 2.
1:31 of 2nd period - Marc Savard wins face-off versus Mikael Granlund in neutral zone.
1:56 of 2nd period - Ryan Ellis is hit by Alexander Steen and loses puck.
2:25 of 2nd period - Ryan Mcdonagh is hit by Fedor Tyutin and loses puck.
3:00 of 2nd period - Paul Gaustad is hit by Adam Burish and loses puck.
3:58 of 2nd period - Brendan Gallagher is hit by Mike Fisher and loses puck.
4:14 of 2nd period - Slapshot by Alexander Edler.
4:14 of 2nd period - Shot Blocked by Mark Eaton.
4:16 of 2nd period - Slapshot by Ryan Murray.
4:16 of 2nd period - Shot Misses the Net.
4:18 of 2nd period - Wrist shot by James Van Riemsdyk.
4:18 of 2nd period - Stopped by Jonathan Quick with a rebound.
4:20 of 2nd period - Slapshot by Ryan Murray.
4:20 of 2nd period - Stopped by Jonathan Quick with a rebound.
4:22 of 2nd period - Wrist shot by James Van Riemsdyk.
4:22 of 2nd period - Stopped by Jonathan Quick without a rebound.
4:23 of 2nd period - Chris Drury wins face-off versus Mikael Granlund in Nordiques zone.
4:23 of 2nd period - Chris Drury is hit by Mikael Granlund.
4:39 of 2nd period - Slapshot by R.J. Umberger.
4:39 of 2nd period - Stopped by Viktor Fasth with a rebound.
4:49 of 2nd period - Alexander Edler is hit by George Parros and loses puck.
5:02 of 2nd period - Backhand shot by Niclas Bergfors.
5:02 of 2nd period - Shot Misses the Net.
5:04 of 2nd period - Snap shot by Niclas Bergfors.
5:04 of 2nd period - Stopped by Jonathan Quick with a rebound.
5:22 of 2nd period - Wrist shot by Mikael Granlund.
5:22 of 2nd period - Shot Blocked by Trevor Daley.
5:24 of 2nd period - Snap shot by Alexander Ovechkin.
5:24 of 2nd period - Shot Blocked by Trevor Daley.
5:26 of 2nd period - Snap shot by Michal Rozsival.
5:26 of 2nd period - Shot Misses the Net.
5:28 of 2nd period - Wrist shot by Mikael Granlund.
5:28 of 2nd period - Shot Misses the Net.
5:36 of 2nd period - Paul Gaustad is hit by Mikael Granlund and loses puck.
5:41 of 2nd period - Snap shot by Alexander Ovechkin.
5:41 of 2nd period - Deflect By Trevor Daley.
5:41 of 2nd period - Goal by Alexander Ovechkin - Predators : 1 - Nordiques : 2.
5:42 of 2nd period - Marc Savard wins face-off versus Ryan Kesler in neutral zone.
5:47 of 2nd period - Icing by Ryan Kesler.
5:48 of 2nd period - Marc Savard wins face-off versus Ryan Kesler in Predators zone.
6:15 of 2nd period - Slapshot by Alexander Edler.
6:15 of 2nd period - Stopped by Jonathan Quick without a rebound.
6:16 of 2nd period - Ryan Callahan wins face-off versus Markus Granlund in Nordiques zone.
6:34 of 2nd period - Slapshot by R.J. Umberger.
6:34 of 2nd period - Shot Misses the Net.
6:36 of 2nd period - Snap shot by Mark Eaton.
6:36 of 2nd period - Stopped by Viktor Fasth without a rebound.
6:37 of 2nd period - Mikael Granlund wins face-off versus Marc Savard in Predators zone.
6:47 of 2nd period - Wrist shot by Alexander Ovechkin.
6:47 of 2nd period - Stopped by Jonathan Quick without a rebound.
6:48 of 2nd period - Marc Savard wins face-off versus Mikael Granlund in Nordiques zone.
7:20 of 2nd period - Snap shot by Ryan Kesler.
7:20 of 2nd period - Stopped by Jonathan Quick with a rebound.
8:02 of 2nd period - Wrist shot by Marc Savard.
8:02 of 2nd period - Stopped by Viktor Fasth with a rebound.
8:04 of 2nd period - Wrist shot by Mike Fisher.
8:04 of 2nd period - Shot Blocked by Michal Rozsival.
8:06 of 2nd period - Snap shot by Vladimir Tarasenko.
8:06 of 2nd period - Stopped by Viktor Fasth with a rebound.
8:38 of 2nd period - Wrist shot by Byron Bitz.
8:38 of 2nd period - Shot Misses the Net.
9:43 of 2nd period - Snap shot by Adam Burish.
9:43 of 2nd period - Deflect By Mark Eaton.
9:43 of 2nd period - Shot Misses the Net.
9:43 of 2nd period - Puck is out of play.
9:44 of 2nd period - Ryan Kesler wins face-off versus Mike Fisher in Nordiques zone.
9:45 of 2nd period - Wrist shot by Alexander Steen.
9:45 of 2nd period - Stopped by Jonathan Quick with a rebound.
9:47 of 2nd period - Wrist shot by Byron Bitz.
9:47 of 2nd period - Shot Misses the Net.
10:05 of 2nd period - Minor Penalty to Marc Savard for Holding.
10:06 of 2nd period - R.J. Umberger wins face-off versus Mikael Granlund in Nordiques zone.
10:37 of 2nd period - Slapshot by Alexander Edler.
10:37 of 2nd period - Shot Misses the Net.
10:39 of 2nd period - Slapshot by Alexander Edler.
10:39 of 2nd period - Shot Blocked by Ryan Ellis.
10:41 of 2nd period - Wrist shot by James Van Riemsdyk.
10:41 of 2nd period - Goal by James Van Riemsdyk - Predators : 2 - Nordiques : 2.
10:42 of 2nd period - Chris Drury wins face-off versus Mikael Granlund in neutral zone.
11:14 of 2nd period - Alexander Steen is hit by Mike Fisher and loses puck.
13:37 of 2nd period - Slapshot by Dmitri Kalinin.
13:37 of 2nd period - Shot Misses the Net.
13:39 of 2nd period - Slapshot by Dmitri Kalinin.
13:39 of 2nd period - Stopped by Jonathan Quick without a rebound.
13:40 of 2nd period - Mikael Granlund wins face-off versus Marc Savard in Nordiques zone.
13:43 of 2nd period - Slapshot by Niclas Bergfors.
13:43 of 2nd period - Goal by Niclas Bergfors - Predators : 3 - Nordiques : 2.
13:44 of 2nd period - Mike Fisher wins face-off versus Mikael Granlund in neutral zone.
14:20 of 2nd period - Jay Bouwmeester is hit by Ryan Mcdonagh and loses puck.
14:38 of 2nd period - Ryan Ellis is hit by John Moore.
14:44 of 2nd period - Ryan Ellis is hit by Brendan Gallagher and loses puck.
15:43 of 2nd period - Slapshot by Alexander Steen.
15:43 of 2nd period - Deflect By Ryan Kesler.
15:43 of 2nd period - Shot Blocked by Jean-Pierre Dumont.
15:43 of 2nd period - Puck is out of play.
15:44 of 2nd period - David Legwand wins face-off versus Ryan Kesler in Nordiques zone.
15:59 of 2nd period - Wrist shot by Alexander Steen.
15:59 of 2nd period - Shot Misses the Net.
16:09 of 2nd period - Alexander Edler is hit by Mark Eaton and loses puck.
16:42 of 2nd period - Slapshot by Ryan Mcdonagh.
16:42 of 2nd period - Stopped by Jonathan Quick without a rebound.
16:43 of 2nd period - Mike Fisher wins face-off versus Ryan Kesler in Nordiques zone.
16:43 of 2nd period - Mike Fisher is hit by Michal Rozsival.
16:48 of 2nd period - Ryan Ellis is hit by Michal Rozsival and loses puck.
16:54 of 2nd period - Icing by Michal Rozsival.
16:55 of 2nd period - Marc Savard wins face-off versus Ryan Kesler in Predators zone.
16:55 of 2nd period - Marc Savard is hit by Michal Rozsival.
16:57 of 2nd period - Snap shot by Vladimir Tarasenko.
16:57 of 2nd period - Stopped by Viktor Fasth without a rebound.
16:58 of 2nd period - Marc Savard wins face-off versus Mikael Granlund in Predators zone.
17:19 of 2nd period - Minor Penalty to Alexander Ovechkin for Goalie Interference.
17:20 of 2nd period - Andy Miele wins face-off versus Marc Savard in Predators zone.
18:15 of 2nd period - Wrist shot by Ryan Kesler.
18:15 of 2nd period - Deflect By Adam Burish.
18:15 of 2nd period - Stopped by Jonathan Quick without a rebound.
18:16 of 2nd period - David Legwand wins face-off versus Andy Miele in Nordiques zone.
18:28 of 2nd period - Wrist shot by R.J. Umberger.
18:28 of 2nd period - Stopped by Viktor Fasth without a rebound.
18:29 of 2nd period - Marc Savard wins face-off versus Andy Miele in Predators zone.
19:19 of 2nd period - Penalty to Alexander Ovechkin is over, Alexander Ovechkin is back on ice.
Goals for this period are 3 for Predators vs 1 for Nordiques.
Shots for this period are 14 for Predators vs 8 for Nordiques.

3rd period


0:01 of 3rd period - Marc Savard wins face-off versus Mikael Granlund in neutral zone.
0:13 of 3rd period - Minor Penalty to Jay Bouwmeester for Holding.
0:14 of 3rd period - Marc Savard wins face-off versus Mikael Granlund in Nordiques zone.
0:27 of 3rd period - Marc Savard is hit by Mikael Granlund and loses puck.
0:54 of 3rd period - Slapshot by Alexander Edler.
0:54 of 3rd period - Shot Blocked by Mark Eaton.
2:13 of 3rd period - Penalty to Jay Bouwmeester is over, Jay Bouwmeester is back on ice.
3:04 of 3rd period - Fedor Tyutin is hit by Michal Rozsival and loses puck.
3:28 of 3rd period - James Van Riemsdyk is hit by George Parros and loses puck.
3:50 of 3rd period - Markus Granlund is hit by Dustin Byfuglien and loses puck.
4:01 of 3rd period - Trevor Daley is hit by Alexander Steen.
4:15 of 3rd period - Snap shot by Ryan Callahan.
4:15 of 3rd period - Shot Misses the Net.
5:03 of 3rd period - Wrist shot by David Legwand.
5:03 of 3rd period - Goal by David Legwand - Predators : 3 - Nordiques : 3.
5:04 of 3rd period - Mikael Granlund wins face-off versus Vladimir Tarasenko in neutral zone.
5:06 of 3rd period - Off-side.
5:07 of 3rd period - Mikael Granlund wins face-off versus Marc Savard in neutral zone.
6:10 of 3rd period - Wrist shot by Chris Drury.
6:10 of 3rd period - Stopped by Viktor Fasth with a rebound.
6:28 of 3rd period - Slapshot by Matt Moulson.
6:28 of 3rd period - Shot Misses the Net.
6:30 of 3rd period - Snap shot by Matt Moulson.
6:30 of 3rd period - Stopped by Viktor Fasth without a rebound.
6:31 of 3rd period - James Van Riemsdyk wins face-off versus Chris Drury in Predators zone.
6:56 of 3rd period - Michal Rozsival is hit by Trevor Daley and loses puck.
8:11 of 3rd period - Slapshot by Jay Bouwmeester.
8:11 of 3rd period - Deflect By George Parros.
8:11 of 3rd period - Stopped by Viktor Fasth without a rebound.
8:12 of 3rd period - Alexander Ovechkin wins face-off versus Marc Savard in Predators zone.
8:12 of 3rd period - Alexander Ovechkin is hit by Mike Fisher.
8:28 of 3rd period - Backhand shot by Alexander Ovechkin.
8:28 of 3rd period - Shot Blocked by Trevor Daley.
8:52 of 3rd period - Snap shot by Chris Drury.
8:52 of 3rd period - Stopped by Viktor Fasth without a rebound.
8:53 of 3rd period - Mikael Granlund wins face-off versus David Legwand in Predators zone.
9:10 of 3rd period - Slapshot by Alexander Ovechkin.
9:10 of 3rd period - Stopped by Jonathan Quick with a rebound.
9:28 of 3rd period - Wrist shot by Byron Bitz.
9:28 of 3rd period - Shot Blocked by Ryan Ellis.
10:17 of 3rd period - Snap shot by Niclas Bergfors.
10:17 of 3rd period - Stopped by Jonathan Quick without a rebound.
10:18 of 3rd period - Ryan Kesler wins face-off versus Marc Savard in Nordiques zone.
11:07 of 3rd period - Off-side.
11:08 of 3rd period - David Legwand wins face-off versus Andy Miele in neutral zone.
12:00 of 3rd period - Icing by Kyle Calder.
12:01 of 3rd period - Ryan Kesler wins face-off versus George Parros in Nordiques zone.
12:26 of 3rd period - Ryan Ellis is hit by Michal Rozsival and loses puck.
12:31 of 3rd period - Wrist shot by Alexander Ovechkin.
12:31 of 3rd period - Deflect By Niclas Bergfors.
12:31 of 3rd period - Stopped by Jonathan Quick with a rebound.
12:33 of 3rd period - Wrist shot by Alexander Ovechkin.
12:33 of 3rd period - Deflect By Niclas Bergfors.
12:33 of 3rd period - Shot Blocked by Jay Bouwmeester.
12:33 of 3rd period - Puck is out of play.
12:34 of 3rd period - Marc Savard wins face-off versus Mikael Granlund in Nordiques zone.
12:44 of 3rd period - Minor Penalty to Alexander Ovechkin for Holding.
12:45 of 3rd period - Andy Miele wins face-off versus Marc Savard in Predators zone.
13:20 of 3rd period - Icing by R.J. Umberger.
13:21 of 3rd period - Marc Savard wins face-off versus Ryan Kesler in Nordiques zone.
14:44 of 3rd period - Penalty to Alexander Ovechkin is over, Alexander Ovechkin is back on ice.
14:50 of 3rd period - Paul Gaustad is hit by Niclas Bergfors and loses puck.
14:58 of 3rd period - Minor Penalty to Ryan Murray for Hooking.
14:59 of 3rd period - Andy Miele wins face-off versus Marc Savard in Predators zone.
16:58 of 3rd period - Penalty to Ryan Murray is over, Ryan Murray is back on ice.
17:06 of 3rd period - Wrist shot by George Parros.
17:06 of 3rd period - Stopped by Viktor Fasth without a rebound.
17:07 of 3rd period - Paul Gaustad wins face-off versus Mikael Granlund in Predators zone.
17:13 of 3rd period - Minor Penalty to Mikael Granlund for Tripping.
17:14 of 3rd period - Andy Miele wins face-off versus Marc Savard in Predators zone.
17:25 of 3rd period - Snap shot by Andy Miele.
17:25 of 3rd period - Stopped by Jonathan Quick without a rebound.
17:26 of 3rd period - Marc Savard wins face-off versus Andy Miele in Nordiques zone.
17:33 of 3rd period - Ryan Mcdonagh is hit by Vladimir Tarasenko.
17:56 of 3rd period - Vladimir Tarasenko is hit by Andy Miele and loses puck.
18:13 of 3rd period - Wrist shot by David Legwand.
18:13 of 3rd period - Stopped by Viktor Fasth without a rebound.
18:14 of 3rd period - David Legwand wins face-off versus Andy Miele in Predators zone.
18:44 of 3rd period - Snap shot by Fedor Tyutin.
18:44 of 3rd period - Shot Misses the Net.
19:02 of 3rd period - Snap shot by David Legwand.
19:02 of 3rd period - Shot Blocked by Michal Rozsival.
19:04 of 3rd period - Slapshot by Trevor Daley.
19:04 of 3rd period - Stopped by Viktor Fasth with a rebound.
19:13 of 3rd period - Penalty to Mikael Granlund is over, Mikael Granlund is back on ice.
19:26 of 3rd period - Snap shot by David Legwand.
19:26 of 3rd period - Stopped by Viktor Fasth with a rebound.
19:28 of 3rd period - Slapshot by Trevor Daley.
19:28 of 3rd period - Stopped by Viktor Fasth with a rebound.
19:30 of 3rd period - Snap shot by Fedor Tyutin.
19:30 of 3rd period - Deflect By Adam Burish.
19:30 of 3rd period - Stopped by Viktor Fasth with a rebound.
19:32 of 3rd period - Wrist shot by Trevor Daley.
19:32 of 3rd period - Deflect By David Legwand.
19:32 of 3rd period - Shot Blocked by John Moore.
19:32 of 3rd period - Puck is out of play.
19:33 of 3rd period - George Parros wins face-off versus Brendan Gallagher in Predators zone.
19:36 of 3rd period - Wrist shot by Chris Drury.
19:36 of 3rd period - Stopped by Viktor Fasth with a rebound.
19:38 of 3rd period - Slapshot by Vladimir Tarasenko.
19:38 of 3rd period - Goal by Vladimir Tarasenko - Predators : 3 - Nordiques : 4.
19:39 of 3rd period - Mikael Granlund wins face-off versus Marc Savard in neutral zone.
19:51 of 3rd period - Predators, Viktor Fasth is pulled from the net.
Goals for this period are 0 for Predators vs 2 for Nordiques.
Shots for this period are 4 for Predators vs 13 for Nordiques.